 Dungeon Crawl Stone Soup version 0.25-a0-474-ga8a2ee3166 (webtiles) character file.

Game seed: 5775606523460546640, levelgen mode: classic

19 EnegeticOcto the Skirmisher (level 2, -1/27 HPs)
             Began as a Draconian Chaos Knight on Feb 8, 2020.
             Was a Plaything of Xom.
             Slain by a worm (16 damage)
             ... on level 2 of the Dungeon.
             The game lasted 00:01:28 (972 turns).

EnegeticOcto the Skirmisher (Draconian Chaos Knight) Turns: 972, Time: 00:01:28

Health: -1/27      AC:  4    Str: 14    XL:     2   Next: 55%
Magic:  2/2        EV: 12    Int: 12    God:    Xom [.*....]
Gold:   40         SH:  0    Dex: 10    Spells: 1/1 levels left

rFire    . . .     SeeInvis .   a - +0 spear (chaos)
rCold    . . .     Gourm    .   (no shield)
rNeg     . . .     Faith    .   (armour unavailable)
rPois    .         Spirit   .   (helmet restricted)
rElec    .         Reflect  .   (no cloak)
rCorr    .         Harm     .   (no gloves)
MR       .....                  (no boots)
Stlth    +.........             (no amulet)
HPRegen  0.09/turn              (no ring)
MPRegen  0.08/turn              (no ring)

@: no status effects
A: unfitting armour, cold-blooded, AC +4
a: Renounce Religion


You were on level 2 of the Dungeon.
You worshipped Xom.
You were a plaything of Xom.
You were not hungry.

You visited 1 branch of the dungeon, and saw 2 of its levels.

You collected 40 gold pieces.

Inventory:

Hand Weapons
 a - a +0 spear of chaos (weapon)
Missiles
 b - 47 stones (quivered)
Scrolls
 c - a scroll of noise {unknown}
 f - a scroll of identify {@r1}
Potions
 d - a potion of curing {@q1 !q}
Comestibles
 e - 2 rations
 g - a chunk of flesh


   Skills:
 + Level 3.6 Fighting
 * Level 3.6 Polearms
 - Level 2.1 Dodging


You had one spell level left.
You didn't know any spells.
Your spell library was empty.

Dungeon Overview and Level Annotations

Branches:
Dungeon (2/15)

Altars:
Nemelex Xobeh


Innate Abilities, Weirdness & Mutations

Your plain brown scales are hard. (AC +4)
You cannot fit into any form of body armour.
You are cold-blooded and may be slowed by cold attacks.


Message History

You hit the hobgoblin but do no damage.
The hobgoblin is poisoned.
Your skin glows momentarily.
The hobgoblin is moderately wounded.
The hobgoblin misses you.
You hit the hobgoblin.
You kill the hobgoblin!
No target in view!
No target in view!
No target in view!
You see here a +0 club.
All of the chunks of flesh in your inventory have rotted away.
You open the door.
There is an open door here.
You open the door.
There is an open door here.
Xom almost notices you.
You hear strange and distant voices.
You are now a plaything of Xom.
You open the door.
There is an open door here.
There is an open door here.
Xom's power touches on you for a moment.
You are blasted with fire.
You open the door.
There is an open door here.
e - 2 rations (gained 1)
c - a scroll labeled EGASAMNIFRO
There is an open door here.
Found a scale mail.
You see here a scale mail.
A rat comes into view.
A rat is nearby!
A dart slug comes into view.
The dart slug moves out of view.
You hit the rat.
You kill the rat!
No target in view!
No target in view!
No target in view!
No target in view!
The dart slug misses you.
The dart slug is too close now for your liking.
You see here a rat corpse.
A dart slug is nearby!
A dart slug is nearby!
You hit the dart slug. You burn the dart slug.
The dart slug is severely wounded.
The dart slug barely misses you.
You hit the dart slug.
You kill the dart slug!
No target in view!
No target in view!
No target in view!
You butcher the rat corpse.
g - a chunk of flesh You see here a rat skeleton. x2
You now have 40 gold pieces (gained 9).
You open the door.
There is an open door here.
You see here a rat skeleton.
You see here a scale mail.
There is an open door here.
Xom notices you.
Your skin glows momentarily.
Done exploring.
Done exploring.
As you read the scroll labeled OWODDEFR MIFIPP, it crumbles to dust.
It is a scroll of identify.
d - a potion of curing
(D) Dungeon
Where to? (? - help)
There is a stone staircase leading down here.
You climb downwards.
A worm comes into view.
There is a stone staircase leading up here.
A worm is nearby!
Attack whom?
Press: ? - help, Dir - move target cursor, f - worm
Aim: a worm You reach to attack!
You hit the worm but do no damage.
Attack whom?
Press: ? - help, Dir - move target cursor, f/p - worm
Aim: a worm You reach to attack!
You hit the worm.
The worm goes berserk!
Xom thinks this is hilarious!
The worm is lightly wounded.
You hit the worm. You tail-slap the worm.
The worm is lightly wounded.
The worm closely misses you.
You barely miss the worm.
The worm is lightly wounded.
The worm bites you!
You are too injured to fight recklessly!
You are too injured to fight recklessly!
You are too injured to fight recklessly!
You hit the worm. You freeze the worm.
The worm is moderately wounded.
The worm bites you!
Ouch! That really hurt!
You die...

.#.# .
####.#.#
..
#......#
.##......#
........#
##......
#.....#
#@.# #w.#
...# ....#
######


You could see a worm (berserk).

Vanquished Creatures
  A dart slug (D:1)
  A leopard gecko (D:1)
  A bat (D:1)
  A giant cockroach (D:1)
  A goblin (D:1)
  4 hobgoblins (D:1)
  5 kobolds (D:1)
  A rat (D:1)
15 creatures vanquished.

Notes
Turn   | Place    | Note
-------+----------+-------------------------------------------
     0 | D:1      | EnegeticOcto the Draconian Chaos Knight began the quest for
                  | the Orb.
     0 | D:1      | Reached XP level 1. HP: 19/19 MP: 1/1
   135 | D:1      | Reached XP level 2. HP: 26/26 MP: 2/2
   215 | D:1      | XOM: divination: magic mapping
   250 | D:1      | Found a sparkling altar of Nemelex Xobeh.
   524 | D:1      | XOM: harmless Necr miscast
   539 | D:1      | XOM: medium Fire miscast
   912 | D:1      | XOM: harmless Hex miscast
   972 | D:2      | Slain by a worm

Levels and vault maps discovered:
D:1:      lemuel_arrival_hallway, layout_basic, chequers_jeans,
          nemelex_xobeh_ov_fountains_minmay
D:2:      minmay_diamond_boxcup, layout_basic, lemuel_crystal_altar,
          yredelemnul_altar_generic

Action                   || total
-------------------------++-------
Melee: Spear             ||    34
       Tailslap          ||     2
Throw: Stone             ||     5
  Use: Scroll            ||     1
 Stab: Sleeping          ||     1
Dodge: Dodged            ||    10

Table legend:
 A = Non-vault XP
 B = Vault XP
 C = Vault XP percentage of total XP
 D = Non-vault monster count
 E = Vault monster count
 F = Vault count percentage of total count
                 A         B        C        D         E       F
            +---------+---------+-------+---------+---------+-------
      Total |      28 |       0 |   0.0 |      15 |       0 |   0.0
            +---------+---------+-------+---------+---------+-------
        D:1 |      28 |       0 |   0.0 |      15 |       0 |   0.0
            +---------+---------+-------+---------+---------+-------
